 Dungeon Crawl Stone Soup version 0.28-a0-851-g8b9cc49659 (webtiles) character file.

Game seed: 89227184412265250

2870 horus123 the Covert (level 9, -1/59 HPs)
             Began as an Octopode Brigand on Nov 15, 2021.
             Was a Priest of Dithmenos.
             Slain by ThanksArdit's ghost (4 damage)
             ... on level 7 of the Dungeon.
             The game lasted 00:16:52 (7703 turns).

horus123 the Covert (Octopode Brigand)              Turns: 7703, Time: 00:16:53

Health: -1/59      AC:  3    Str: 10    XL:     9   Next: 76%
Magic:  0/15       EV: 14    Int: 15    God:    Dithmenos [***...]
Gold:   347        SH:  0    Dex: 15    Spells: 10/16 levels left

rFire   x . .      SeeInvis .   w - +0 rapier
rCold   + . .      Faith    .   (no shield)
rNeg    . . .      Spirit   +   i - +2 hat
rPois   .          Reflect  .   d - amulet of guardian spirit
rElec   .          Harm     .   n - ring "Ypymn" {Ice Slay+5 Stlth+}
rCorr   .          Rampage  .   (no ring)
Will    .....                   (no ring)
Stlth   +++++++++.              (no ring)
HPRegen 0.19/turn               (no ring)
MPRegen 0.14/turn               (no ring)
                                (no ring)
                                (no ring)

@: about to teleport, wreathed by umbra
A: almost no armour, amphibious, 8 rings, camouflage 1, gelatinous body 1,
(nimble swimmer 1), tentacles
a: Renounce Religion, Shadow Step


You were on level 7 of the Dungeon.
You worshipped Dithmenos.
Dithmenos was most pleased with you.
You visited 1 branch of the dungeon, and saw 7 of its levels.

You collected 347 gold pieces.

Inventory:

Hand Weapons
 a - a +2 dagger
 w - a +0 rapier (weapon)
Missiles
 b - 7 poisoned darts (quivered)
 c - 3 curare-tipped darts
Armour
 i - a +2 hat (worn)
Jewellery
 d - an amulet of guardian spirit (around mantle)
 n - the ring "Ypymn" (left tentacle) {Ice Slay+5 Stlth+}
   (You acquired it on level 4 of the Dungeon)

   [ring of ice]

   It enhances your ice magic.
   Slay:      It affects your accuracy & damage with ranged weapons and melee
   (+5).
   rF:        It makes you vulnerable to fire.
   rC:        It protects you from cold.
   Stlth:     It makes you more stealthy.
Wands
 o - a wand of iceblast (31)
Scrolls
 k - 2 scrolls of enchant armour
Potions
 e - 2 potions of cancellation
 h - a potion of mutation {unknown}
 j - a potion of degeneration {unknown}
 l - a potion of might {unknown}
 p - a potion of resistance {unknown}
 q - a potion of brilliance {unknown}
 r - 2 potions of magic {unknown}
 t - a potion of ambrosia {unknown}


   Skills:
 - Level 4.4 Fighting
 - Level 5.4 Short Blades
 - Level 2.0 Throwing
 + Level 4.0 Dodging
 - Level 10.5 Stealth
 - Level 4.0 Spellcasting
 - Level 4.2 Conjurations
 - Level 5.3 Air Magic


You had 10 spell levels left.
You knew the following spells:

 Your Spells              Type           Power      Damage    Failure   Level
a - Static Discharge      Conj/Air       17%        N/A       3%          2
b - Airstrike             Air            9%         N/A       21%         4

Your spell library contained the following spells:

 Spells                   Type           Power      Damage    Failure   Level
 Pain                     Necr           12%        1d4       19%         1
 Ozocubu's Armour         Ice            4%         N/A       47%         3
 Tukima's Dance           Hex            3%         N/A       47%         3
 Summon Lightning Spire   Summ/Air       11%        N/A       52%         4
 Lightning Bolt           Conj/Air       8%         1d21      56%         5
 Sticky Flame             Conj/Fire      9%         2d3       58%         4
 Dispel Undead            Necr           3%         3d7       87%         4
 Passage of Golubria      Tloc           3%         N/A       87%         4
 Agony                    Necr           3%         N/A       99%         5
 Excruciating Wounds      Necr           1%         N/A       99%         5
 Summon Forest            Summ/Tloc      1%         N/A       99%         5
 Summon Mana Viper        Hex/Summ       3%         N/A       99%         5
 Yara's Violent Unravell  Hex/Tmut       1%         3d3       99%         5
 Summon Cactus Giant      Summ           1%         N/A       100%        6
 Ozocubu's Refrigeration  Ice            2%         4d5       100%        7


Dungeon Overview and Level Annotations

Branches:
Dungeon (7/15)             Temple (0/1) D:5

Altars:
Ashenzari
Cheibriados
Dithmenos
Okawaru
Sif Muna
Trog
Xom
Zin

Shops:
D:1 (   D:4 (   D:6 :[

Annotations:
D:7 ThanksArdit's ghost, novice MfGl


Innate Abilities, Weirdness & Mutations

You cannot wear most types of armour.
You are amphibious.
You can wear up to eight rings at the same time.
Your skin changes colour to match your surroundings (Stealth+).
Your rubbery body absorbs attacks. (AC +1, EV +1)
((You are camouflaged near water. (Stealth+)))
You have tentacles for arms and can constrict up to eight enemies at once.


Message History

Press: ? - help, Q - select action, (/) - cycle Shift-Dir - straight line, f/p - ThanksArdit's ghost
Aim: ThanksArdit's ghost (severely damaged, umbra, 55% to hit)
You throw a poisoned dart.
The poisoned dart closely misses ThanksArdit's ghost.
Unknown command.
Throw: 9 darts (poison)
Press: ? - help, Q - select action, (/) - cycle Shift-Dir - straight line, f/p - ThanksArdit's ghost
Aim: ThanksArdit's ghost (severely damaged, umbra, 55% to hit)
You throw a poisoned dart.
The poisoned dart misses ThanksArdit's ghost.
Throw: 8 darts (poison)
Press: ? - help, Q - select action, (/) - cycle Shift-Dir - straight line, f/p - ThanksArdit's ghost
Aim: ThanksArdit's ghost (severely damaged, umbra, 55% to hit)
You throw a poisoned dart.
The poisoned dart hits ThanksArdit's ghost.
ThanksArdit's ghost is severely damaged.
You hit ThanksArdit's ghost.
Your squeeze misses ThanksArdit's ghost.
ThanksArdit's ghost is severely damaged.
ThanksArdit's ghost misses you.
You barely miss ThanksArdit's ghost.
ThanksArdit's ghost is severely damaged.
ThanksArdit's ghost hits you.
You hit ThanksArdit's ghost but do no damage.
ThanksArdit's ghost is severely damaged.
ThanksArdit's ghost closely misses you.
You hit ThanksArdit's ghost but do no damage.
ThanksArdit's ghost is severely damaged.
ThanksArdit's ghost hits you!
* * * LOW HITPOINT WARNING * * *
You hit ThanksArdit's ghost.
ThanksArdit's ghost is severely damaged.
ThanksArdit's ghost barely misses you.
You miss ThanksArdit's ghost.
ThanksArdit's ghost is severely damaged.
ThanksArdit's ghost hits you!
* * * LOW HITPOINT WARNING * * *
As you read the scroll of teleportation, it crumbles to dust.
You feel strangely unstable. ThanksArdit's ghost hits you.
You die...

......####...........'....#....'.
....### ########....######....#.
....##### #...#..............#.
........## #...#..............#.
.........## #...'..............#.
....###...#######...<..........#.
...##⌠##.............######....#.
..##...##........#####....#....#.
.##..?..##((...W@#..'.....#....#.
.#⌠.!♣...'.......#..#.....#....#.
.##..!..##.......#..#.....#....#.
..##...##...#....#..##....#....#.
...##⌠##....#....#..#######....#.
....###.....#....#..##....#....#.
.........#'##....#..#.....'....#.
........##..#....#..##....#....#.
####....##..#....#..##....#....#.


You could see ThanksArdit's ghost.

Vanquished Creatures
  The ghost of a11behringer the Carver, a novice MiBe of Trog (D:5)
  An orc warrior (D:7)
  2 sky beasts
  3 black bears
  2 necrophages
  2 ogres
  2 ice beasts (D:7)
  A phantom (D:6)
  2 kobold brigands
  4 bullfrogs
  A water moccasin zombie (D:5)
  2 wyvern zombies (D:7)
  A scorpion (D:5)
  4 howler monkeys
  2 centaur zombies
  2 hounds
  3 jellies
  3 bullfrog skeletons
  2 iguanas
  4 orc wizards
  A killer bee zombie (D:6)
  2 howler monkey zombies (D:5)
  3 adders
  A howler monkey skeleton (D:7)
  An ufetubus (D:4)
  2 dart slugs
  11 orcs
  8 ball pythons
  5 endoplasms
  A giant cockroach (D:2)
  8 goblins
  6 hobgoblins
  2 quokkas
  11 bats
  A frilled lizard (D:3)
  7 kobolds
  13 rats
127 creatures vanquished.

Vanquished Creatures (collateral kills)
  A quokka (D:5)
1 creature vanquished.

Grand Total: 128 creatures vanquished

Notes
Turn   | Place    | Note
-------+----------+-------------------------------------------
     0 | D:1      | horus123 the Octopode Brigand began the quest for the Orb.
     0 | D:1      | Reached XP level 1. HP: 14/14 MP: 1/1
   199 | D:1      | Found Qynypri's Antique Weapon Shop.
   236 | D:1      | Reached XP level 2. HP: 16/19 MP: 2/2
   278 | D:1      | Found a faded altar of an unknown god.
   283 | D:1      | Reached skill level 6 in Stealth
   992 | D:1      | Prayed at the altar of an unknown god.
   992 | D:1      | Became a worshipper of Dithmenos the Shadowed
   992 | D:1      | Reached * piety under Dithmenos
  1022 | D:2      | Reached XP level 3. HP: 21/24 MP: 3/3
  1220 | D:2      | Reached skill level 7 in Stealth
  1868 | D:3      | Reached XP level 4. HP: 29/29 MP: 4/4
  1940 | D:3      | Found an iron altar of Okawaru.
  2598 | D:4      | Identified a scroll of acquirement
  2598 | D:4      | Acquired the ring "Ypymn" {Ice Slay+5 Stlth+}
  2651 | D:4      | Noticed a necrophage
  2654 | D:4      | Killed a necrophage
  2655 | D:4      | Reached skill level 9 in Stealth
  2655 | D:4      | Reached XP level 5. HP: 34/34 MP: 5/5
  2698 | D:4      | Reached skill level 1 in Spellcasting
  2780 | D:4      | Reached ** piety under Dithmenos
  2954 | D:4      | Found a bloodstained altar of Trog.
  3331 | D:4      | Found Emnicvoe's Weapon Shop.
  3469 | D:4      | Found a hazy altar of Hepliaklqana.
  3471 | D:4      | Found a basalt altar of Yredelemnul.
  3471 | D:4      | Found a bloodstained altar of Trog.
  3473 | D:4      | Found a shimmering altar of Xom.
  3473 | D:4      | Found a sparkling altar of Nemelex Xobeh.
  3473 | D:4      | Found a shimmering altar of Xom.
  3477 | D:4      | Reached XP level 6. HP: 39/39 MP: 7/9
  3485 | D:4      | Learned a level 2 spell: Static Discharge
  3540 | D:5      | Entered Level 5 of the Dungeon
  3560 | D:5      | Noticed a black bear
  3572 | D:5      | Killed a black bear
  3573 | D:5      | Reached XP level 7. HP: 43/48 MP: 8/10
  3633 | D:5      | Found a staircase to the Ecumenical Temple.
  3647 | D:5      | Reached skill level 1 in Air Magic
  4070 | D:5      | Found a runed translucent gate.
  4070 | D:5      | Found a runed translucent gate.
  4070 | D:5      | Found a runed translucent gate.
  4070 | D:5      | Noticed a11behringer's ghost (novice MiBe)
  4099 | D:5      | Killed a11behringer's ghost
  4100 | D:5      | Reached XP level 8. HP: 34/54 MP: 2/11
  4537 | D:5      | Learned a level 4 spell: Airstrike
  5250 | D:6      | Reached skill level 5 in Air Magic
  5337 | D:6      | Found a shimmering blue altar of Sif Muna.
  5490 | D:6      | Reached XP level 9. HP: 39/59 MP: 9/15
  5659 | D:6      | Found Viesmewn's Book Boutique.
  5957 | D:6      | Found Iwoarch's Antique Armour Shoppe.
  6203 | D:7      | Reached skill level 5 in Short Blades
  6343 | D:7      | Reached *** piety under Dithmenos
  6448 | D:7      | Noticed ThanksArdit's ghost (novice MfGl)
  6453 | D:7      | Found a runed translucent door.
  6584 | D:7      | Reached skill level 10 in Stealth
  6670 | D:7      | Found a shadowy altar of Dithmenos.
  6891 | D:7      | Found a glowing silver altar of Zin.
  7568 | D:7      | Found a snail-covered altar of Cheibriados.
  7568 | D:7      | Found a broken altar of Ashenzari.
  7703 | D:7      | Slain by ThanksArdit's ghost

Illustrated notes

Levels and vault maps discovered:
D:1:      onia_arrival_handbag, layout_basic, serial_shops, shop,
          ebering_ecumenical_altar_mist
D:2:      layout_loops_cross
D:3:      layout_loops_corners, okawaru_gym_becter
D:4:      layout_loops_ring, doesnt_xom_only_xom, trog_hazing_becter,
          serial_shops, shop
D:5:      layout_basic, minmay_temple_entry_sparse_star,
          ebering_ghost_rock_garden, minmay_small_thing
D:6:      layout_loops_cross, kennysheep_mini, serial_shops,
          nicolae_square_shop, nicolae_inconvenience_store
D:7:      layout_gridville, mainiacjoe_overflow_alcove_4,
          nicolae_dithmenos_through_a_glass_darkly,
          gammafunk_temple_overflow_pools, hellmonk_ghost_happy_afterlife

Skill      XL: |  1  2  3  4  5  6  7  8  9 |
---------------+----------------------------+-----
Stealth        | 6 7 9 10 | 10.5
Spellcasting   | 2 4 |  4.0
Fighting       | 4 |  4.4
Air Magic      | 4 5 |  5.3
Conjurations   | 4 |  4.2
Short Blades   | 3 5 |  5.4
Dodging        | 4 |  4.0
Throwing       | |  2.0

Action                   |  1- 3 |  4- 6 |  7- 9 || total
-------------------------+-------+-------+-------++-------
Melee: Dagger            |    60 |    41 |   130 ||   231
       Constrict         |    14 |     5 |    25 ||    44
       Tentacles         |    11 |     7 |    36 ||    54
       Rapier            |       |       |    80 ||    80
Throw: Dart              |     6 |     4 |    18 ||    28
 Cast: Static Discharge  |       |       |     9 ||     9
  Use: Scroll            |     3 |     3 |     9 ||    15
       Potion            |       |       |     7 ||     7
 Stab: Sleeping          |    19 |    18 |    13 ||    50
Armor: Skin              |     4 |     3 |    22 ||    29
Dodge: Dodged            |    21 |    22 |   106 ||   149

Table legend: (Time is in decaauts)
 A = Elapsed time spent in this place.
 B = Non-inter-level travel time spent in this place.
 C = Inter-level travel time spent in this place.
 D = Time resting spent in this place.
 E = Time spent auto-exploring this place.
 F = Levels seen in this place.
 G = Mean time per level.
                   A        B        C        D        E       F      G
               +--------+--------+--------+--------+--------+-----+--------+
         Total |   7660 |   7504 |    156 |    748 |   5641 |   7 | 1094.3 |
       Dungeon |   7660 |   7504 |    156 |    748 |   5641 |   7 | 1094.3 |
               +--------+--------+--------+--------+--------+-----+--------+

Top non-repeatable levels by time:
     D:7: 1493 daAuts
     D:6: 1403 daAuts
     D:5: 1236 daAuts
     D:1: 1009 daAuts
     D:4: 943 daAuts
     D:2: 796 daAuts
     D:3: 778 daAuts
